 Dungeon Crawl Stone Soup version 0.31.0-9-g3a7656b989 (webtiles) character file.

Game seed: 1093042458578395113

1883 Kass the Fighter (level 9, -5/60 HPs)
             Began as a Gargoyle Fighter on Jan 28, 2024.
             Was a Believer of Kikubaaqudgha.
             Killed from afar by Joseph (7 damage)
             ... with a bolt of dispelling energy
             ... on level 7 of the Dungeon.
             The game lasted 00:14:52 (6891 turns).

Kass the Fighter (Gargoyle Fighter)                 Turns: 6891, Time: 00:14:52

Health: -5/60      AC: 19    Str: 30    XL:     9   Next: 14%
Magic:  9/9        EV:  7    Int:  9    God:    Kikubaaqudgha [**....]
Gold:   310        SH: 10    Dex:  9    Spells: 8/8 levels left

rFire   . . .        L - +3 flail
rCold   . . .        c - +0 buckler
rNeg    + . .        K - +0 plate armour
rPois   ∞            (no helmet)
rElec   +            e - +0 cloak
rCorr   .            (no gloves)
SInv    .            (no boots)
Will    +....        C - amulet of reflection Stlth
                     g - ring of willpower
HPRegen 0.30/turn    m - +6 ring of strength
MPRegen 0.11/turn

%: reflection
@: studying Throwing
A: sickness immunity, AC +6, negative energy resistance 1, electricity
resistance, torment resistance 1, petrification resistance
a: Renounce Religion, Unearth Wretches


You were on level 7 of the Dungeon.
You worshipped Kikubaaqudgha.
Kikubaaqudgha was pleased with you.
You visited 1 branch of the dungeon, and saw 7 of its levels.

You collected 310 gold pieces.

Inventory:

Hand Weapons
 a - a +0 flail
 n - a +1 sling of electrocution
 L - a +3 flail (weapon)
Missiles
 r - 2 boomerangs (quivered)
 s - 6 javelins
 A - 42 stones
Armour
 b - a +0 scale mail
 c - a +0 buckler (worn)
 e - a +0 cloak (worn)
 K - a +0 plate armour (worn)
Jewellery
 g - a ring of willpower (left hand)
 m - a +6 ring of strength (right hand)
 q - a ring of willpower
 y - a ring of ice
 C - an amulet of reflection (around neck)
 E - a ring of resist corrosion
 I - a ring of protection from cold
Wands
 J - a wand of quicksilver (16)
Scrolls
 h - 2 scrolls of brand weapon {unknown}
 i - 8 scrolls of identify {unknown}
 j - 5 scrolls of amnesia {unknown}
 k - a scroll of summoning {unknown}
 p - a scroll of enchant armour {unknown}
 t - a scroll of immolation {unknown}
 w - 2 scrolls of vulnerability {unknown}
 z - a scroll of poison {unknown}
 B - a scroll of blinking {unknown}
 F - a scroll of teleportation {unknown}
Potions
 d - a potion of might
 f - 3 potions of curing {unknown}
 l - 4 potions of mutation {unknown}
 o - 2 potions of berserk rage {unknown}
 u - 3 potions of degeneration {unknown}
 v - 2 potions of heal wounds {unknown}
 x - a potion of cancellation {unknown}
 D - a potion of invisibility {unknown}
 G - a potion of lignification {unknown}
 H - 2 potions of resistance {unknown}


   Skills:
 + Level 9.3 Fighting
 + Level 3.3 Maces & Flails
 + Level 2.9 Ranged Weapons
 + Level 4.4 Armour
 + Level 8.1 Shields


You had 8 spell levels left.
You didn't know any spells.
Your spell library contained the following spells:

 Spells                   Type           Power      Damage    Failure   Level
 Freeze                   Ice            0%         1d3       99%         1
 Kiss of Death            Conj/Necr      0%         2d5       99%         1
 Necrotise                Necr           0%         1d4       99%         1
 Slow                     Hex            0%         N/A       99%         1
 Confusing Touch          Hex            0%         N/A       100%        3
 Frozen Ramparts          Ice            0%         1d1       100%        3
 Hailstorm                Conj/Ice       0%         3d5       100%        3
 Sigil of Binding         Hex            0%         N/A       100%        3
 Stone Arrow              Conj/Erth      0%         3d7       100%        3
 Vampiric Draining        Necr           0%         2d6       100%        3
 Animate Armour           Summ/Erth      0%         N/A       100%        4
 Animate Dead             Necr           0%         N/A       100%        4
 Martyr's Knell           Necr/Summ      0%         N/A       100%        4
 Curse of Agony           Necr           0%         N/A       100%        5
 Lehudib's Crystal Spear  Conj/Erth      0%         10d2      100%        8


Dungeon Overview and Level Annotations

Branches:
Dungeon (7/15)             Temple (0/1) D:6

Altars:
Ashenzari
Cheibriados
Elyvilon
Fedhas
Gozag
Hepliaklqana
Kikubaaqudgha
Ru
Vehumet
Wu Jian
Xom
The Shining One

Annotations:
D:5 2 runed translucent doors, exclusion: oklob plant, 9Sora's ghost, novice MiBe
D:7 Joseph


Innate Abilities, Weirdness & Mutations

You are immune to sickness and miasma.
Your stone body is resilient. (AC +6)
You are immune to poison.
You resist negative energy. (rN+)
You are resistant to electric shocks. (rElec)
You are resistant to unholy torment.
You are immune to petrification.


Message History

Joseph unwields a +0 sling.
Joseph wields a +0 quarterstaff.
Joseph hits you with a +0 quarterstaff.
You hit Joseph.
Joseph is moderately wounded.
Joseph hits you with a +0 quarterstaff!
You closely miss Joseph.
Joseph is moderately wounded.
Joseph zaps a wand.
The bolt of dispelling energy hits you but does no damage.
You sock Joseph!
Joseph is heavily wounded.
Joseph hits you but does no damage.
You closely miss Joseph.
Joseph is heavily wounded.
Joseph hits you but does no damage.
Joseph zaps a wand.
The bolt of dispelling energy hits you but does no damage.
You barely miss Joseph.
Joseph is heavily wounded.
Joseph zaps a wand.
The bolt of dispelling energy hits you!
The orc priest casts a cantrip, but nothing happens.
You barely miss Joseph.
Joseph is heavily wounded.
Joseph hits you but does no damage.
You hit Joseph but do no damage.
Joseph is heavily wounded.
Joseph zaps a wand.
The bolt of dispelling energy hits you!
* * * LOW HITPOINT WARNING * * *
You closely miss Joseph.
Joseph is heavily wounded.
Joseph hits you but does no damage. Joseph hits you with a +0 quarterstaff.
* * * LOW HITPOINT WARNING * * *
You sock Joseph!
Joseph is heavily wounded.
Joseph hits you with a +0 quarterstaff.
* * * LOW HITPOINT WARNING * * *
Joseph zaps a wand.
The bolt of dispelling energy hits you!
* * * LOW HITPOINT WARNING * * *
Joseph zaps a wand.
The bolt of dispelling energy hits you!
You die...
Kikubaaqudgha rasps: "You have failed me!
Welcome... oblivion!"

+....#......#.........# +....#
#....'......#.........######....#
..@..#o.##..#...................#
.....#).##..#...................#
.#'###..#...#.........<.........'
.#......#...#....@.o............#
#..##..##..#...)###+##+###.#####
#..######..#....#....+..........
##.@##......#...@#.....#######...
.'....@o....'....'....#..~~~..#.#
.#..........#....#...#..~...~..#.
##########..#....#..#...~._.~...#
.....#..#....#...#..~...~..#.
......'..#....#....#..~~~..#.#
......#..#....#...#.#######.##
......#..#....#...#.........##
..... #..#....#...#.....[#...#


You could see Joseph.

Vanquished Creatures
  Grinder (D:3)
  A steam dragon (D:7)
  An orc warrior (D:6)
  2 ice beasts (D:5)
  A black bear (D:5)
  2 ogres
  3 centaurs
  A bullfrog (D:5)
  A scorpion (D:6)
  3 killer bees (D:6)
  2 howler monkeys
  A jelly (D:4)
  2 orc priests
  A bombardier beetle (D:5)
  A hound (D:6)
  An iguana (D:6)
  Natasha (D:2)
  2 sleepcaps
  3 orc wizards
  3 adders
  A white imp (D:6)
  4 ufetubi
  A ribbon worm (D:2)
  18 orcs
  5 ball pythons
  4 endoplasms
  2 giant cockroaches (D:3)
  6 goblins
  11 hobgoblins
  4 kobolds
  2 quokkas
  A frilled lizard (D:1)
  5 rats
97 creatures vanquished.

Notes
Turn   | Place    | Note
-------+----------+-------------------------------------------
     0 | D:1      | Kass the Gargoyle Fighter began the quest for the Orb.
     0 | D:1      | Reached XP level 1. HP: 14/14 MP: 1/1
   252 | D:1      | Reached XP level 2. HP: 10/19 MP: 2/2
   956 | D:2      | Noticed Natasha
   964 | D:2      | Killed Natasha
   965 | D:2      | Reached skill level 4 in Fighting
   965 | D:2      | Reached XP level 3. HP: 19/24 MP: 3/3
  1210 | D:2      | Reached XP level 4. HP: 30/30 MP: 4/4
  1423 | D:3      | Noticed Grinder
  1439 | D:3      | Killed Grinder
  1440 | D:3      | Reached skill level 5 in Fighting
  1440 | D:3      | Reached skill level 5 in Shields
  1440 | D:3      | Reached XP level 5. HP: 19/36 MP: 5/5
  1440 | D:3      | Reached XP level 6. HP: 22/41 MP: 6/6
  1540 | D:3      | Identified the +0 robe "Orhacvaw" {Int+2}
  1567 | D:3      | Found a shimmering altar of Xom.
  1574 | D:3      | Found an ornate altar of the Wu Jian Council.
  1577 | D:3      | Found a broken altar of Ashenzari.
  1579 | D:3      | Found an opulent altar of Gozag.
  1579 | D:3      | Found a snail-covered altar of Cheibriados.
  1582 | D:3      | Found a radiant altar of Vehumet.
  1584 | D:3      | Found a hazy altar of Hepliaklqana.
  1586 | D:3      | Found a glowing golden altar of the Shining One.
  1866 | D:3      | Reached skill level 6 in Fighting
  2159 | D:3      | Found a faded altar of an unknown god.
  2367 | D:3      | Prayed at the altar of an unknown god.
  2367 | D:3      | Became a worshipper of Kikubaaqudgha
  2367 | D:3      | Reached * piety under Kikubaaqudgha
  2367 | D:3      | Received a gift from Kikubaaqudgha
  2645 | D:4      | Reached XP level 7. HP: 8/47 MP: 7/7
  3029 | D:5      | Entered Level 5 of the Dungeon
  3319 | D:5      | Reached skill level 7 in Fighting
  3520 | D:5      | Found a runed translucent door.
  3570 | D:5      | Found a runed translucent door.
  3571 | D:5      | Noticed 9Sora's ghost (novice MiBe)
  4253 | D:5      | Reached skill level 8 in Fighting
  4504 | D:5      | Reached XP level 8. HP: 54/54 MP: 8/8
  4767 | D:5      | Found a blossoming altar of Fedhas.
  4778 | D:5      | Noticed an oklob plant
  5302 | D:6      | Reached skill level 1 in Ranged Weapons
  5360 | D:6      | Found a staircase to the Ecumenical Temple.
  5780 | D:6      | Reached skill level 9 in Fighting
  5876 | D:6      | Found a white marble altar of Elyvilon.
  5990 | D:6      | HP: 2/56 [orc priest/divine providence (16)]
  6380 | D:7      | Found a sacrificial altar of Ru.
  6407 | D:7      | Reached XP level 9. HP: 41/60 MP: 9/9
  6625 | D:7      | Reached ** piety under Kikubaaqudgha
  6627 | D:7      | Noticed Joseph
  6890 | D:7      | HP: 2/60 [Joseph/bolt of dispelling energy (8)]
  6891 | D:7      | Killed from afar by Joseph

Illustrated notes

Levels and vault maps discovered:
D:1:      dpeg_arrival_windows_large_door, layout_rooms, grunt_decor_cap
D:2:      minmay_wonky_spiral, layout_basic, uniq_natasha
D:3:      layout_loops_ring, minitemple, dreamdust_ecumenical_altar_grove,
          uniq_grinder
D:4:      layout_rooms
D:5:      layout_loops_corners, tgw_fedhas, ebering_ghost_sewer_f
D:6:      layout_loops_ring, elyvilon_altar_3, minmay_temple_entry_from_below_b
D:7:      layout_gridville, nicolae_ru_awakened_eye,
          nicolae_overflow_hidden_temple, item_on_display_a, uniq_joseph,
          uniq_prince_ribbit1

Skill      XL: |  1  2  3  4  5  6  7  8  9 |
---------------+----------------------------+-----
Fighting       | 4 5 6 8 9 |  9.3
Shields        | 4 5 6 7 8 |  8.1
Ranged Weapons | 2 |  2.9
Armour         | 4 |  4.4
Maces & Flails | 3 |  3.3

Action                     |  1- 3 |  4- 6 |  7- 9 || total
---------------------------+-------+-------+-------++-------
  Melee: Flail             |    70 |   115 |   281 ||   466
   Fire: Sling             |       |       |    17 ||    17
 Armour: Scale mail        |    39 |    80 |   201 ||   320
         Plate armour      |       |       |    54 ||    54
  Dodge: Dodged            |    30 |    59 |   127 ||   216
  Block: Buckler           |    15 |    24 |   168 ||   207
         Reflection        |       |       |     4 ||     4
